 Dungeon Crawl Stone Soup version 0.28-a0-845-gfc338a8e3c (webtiles) character file.

Game seed: 651294500825927359

16893 vurker the Zephyrmancer (level 11, -3/94 HPs)
             Began as a Demigod Air Elementalist on Nov 12, 2021.
             Slain by an eight-headed hydra (11 damage)
             ... on level 1 of the Lair of Beasts.
             The game lasted 00:24:26 (20560 turns).

vurker the Zephyrmancer (Demigod Air Elementalist) Turns: 20560, Time: 00:24:27

Health: -3/94      AC:  9    Str:  9    XL:     11   Next: 85%
Magic:  20/39      EV: 12    Int: 29    God:
Gold:   573        SH:  0    Dex: 14    Spells: 21/31 levels left

rFire   . . .      SeeInvis .   y - +1 whip (elec)
rCold   . . .      Faith    .   (no shield)
rNeg    . . .      Spirit   .   a - +0 robe
rPois   +          Reflect  .   B - +2 hat {Will+}
rElec   .          Harm     .   e - +2 cloak {Will+}
rCorr   .          Rampage  .   w - +0 pair of gloves
Will    +++..                   g - +0 pair of boots
Stlth   ++........              (no amulet)
HPRegen 0.25/turn               A - ring of magical power
MPRegen 0.26/turn               b - ring of poison resistance

@: no status effects
A: high mp 1, forlorn
a: no special abilities


You were on level 1 of the Lair of Beasts.
You visited 2 branches of the dungeon, and saw 13 of its levels.
You also visited: Ossuary.

You collected 573 gold pieces.

Inventory:

Hand Weapons
 y - a +1 whip of electrocution (weapon)
   (You took it off Pikel on level 5 of the Dungeon)
Armour
 a - a +0 robe (worn)
 e - a +2 cloak of willpower (worn)
   (You acquired it on level 4 of the Dungeon)
 g - a +0 pair of boots (worn)
   (You found it on level 1 of the Dungeon)
 w - a +0 pair of gloves (worn)
   (You found it on level 8 of the Dungeon)
 B - a +2 hat of willpower (worn)
   (You took it off Gastronok on level 9 of the Dungeon)
Jewellery
 b - a ring of poison resistance (right hand)
   (You took it off a goblin on level 4 of the Dungeon)
 l - a ring of willpower
   (You found it on level 2 of the Dungeon)
 A - a ring of magical power (left hand)
   (You found it on level 9 of the Dungeon)
Wands
 d - a wand of iceblast (7)
   (You found it on level 11 of the Dungeon)
 t - a wand of flame (26)
   (You found it on level 7 of the Dungeon)
 u - a wand of paralysis (11)
   (You found it on level 7 of the Dungeon)
 v - a wand of digging (4)
   (You found it on level 4 of the Dungeon)
Scrolls
 j - a scroll of amnesia
 k - 2 scrolls of magic mapping
 m - 2 scrolls of identify
 p - 2 scrolls of teleportation
 q - a scroll of fog
 x - 3 scrolls of blinking
Potions
 c - 3 potions of flight
 f - a potion of ambrosia
 h - 2 potions of mutation
 i - 2 potions of cancellation
 n - a potion of might {unknown}
 o - 2 potions of brilliance
 r - a potion of lignification
 s - 3 potions of curing
 z - 3 potions of attraction
 C - a potion of heal wounds {unknown}


   Skills:
 + Level 8.1 Fighting
 - Level 1.7 Dodging
 - Level 1.7 Stealth
 * Level 10.7 Spellcasting
 - Level 3.0 Conjurations
 * Level 11.9 Air Magic


You had 21 spell levels left.
You knew the following spells:

 Your Spells              Type           Power      Damage    Failure   Level
a - Shock                 Conj/Air       100%       1d9       1%          1
b - Lightning Bolt        Conj/Air       28%        1d44      4%          5
c - Airstrike             Air            35%        N/A       1%          4

Your spell library contained the following spells:

 Spells                   Type           Power      Damage    Failure   Level
 Corpse Rot               Necr/Air       100%       N/A       1%          2
 Poisonous Vapours        Pois/Air       100%       N/A       1%          2
 Static Discharge         Conj/Air       56%        N/A       1%          2
 Swiftness                Air            71%        N/A       1%          3
 Sting                    Tmut/Pois      60%        1d6       3%          1
 Passwall                 Tmut/Erth      12%        N/A       5%          2
 Sticky Flame             Conj/Fire      24%        2d5       19%         4
 Dispel Undead            Necr           15%        3d10      34%         4
 Olgreb's Toxic Radiance  Pois           15%        N/A       34%         4
 Maxwell's Capacitive Co  Air            35%        ∞         86%         8
 Death Channel            Necr           7%         N/A       99%         6


Dungeon Overview and Level Annotations

Branches:
Dungeon (12/15)            Temple (0/1) D:4            Lair (1/6) D:11
Ossuary (visited)
    Orc: D:9-12

Shops:
D:7 *   D:9 *

Annotations:
D:5 3 runed translucent doors, Megustar's ghost, novice DEFE


Innate Abilities, Weirdness & Mutations

Your attributes grow dramatically as you level up.
You have an increased reservoir of magic. (+10% MP)
You shall have no god before yourself.


Message History

You hear a loud, deep croak!
You hear an angry hiss. x2; You hear a howl! x2
You hear a croak.
You hear a howl! x2
The eight-headed hydra bites you. The eight-headed hydra bites you! x2
The eight-headed hydra bites you.
The eight-headed hydra bites you but does no damage.
The eight-headed hydra bites you.
The eight-headed hydra bites you but does no damage.
The eight-headed hydra misses you.
Aim: an eight-headed hydra (lightly wounded, 88% to hit)
You hear a mighty clap of thunder!
The bolt of lightning hits the eight-headed hydra!
You hear an angry hiss. x2; You hear a howl! x2
The eight-headed hydra bites you!
The eight-headed hydra bites you but does no damage.
The eight-headed hydra closely misses you.
The eight-headed hydra bites you.
The eight-headed hydra closely misses you.
The eight-headed hydra barely misses you.
The eight-headed hydra bites you but does no damage.
The eight-headed hydra bites you!
* * * LOW HITPOINT WARNING * * *
Unknown command.
Aim: an eight-headed hydra (lightly wounded, 88% to hit)
You hear a mighty clap of thunder!
The bolt of lightning hits the eight-headed hydra!!
The eight-headed hydra closely misses you. x2
The eight-headed hydra bites you.
* * * LOW HITPOINT WARNING * * *
The eight-headed hydra bites you.
* * * LOW HITPOINT WARNING * * *
The eight-headed hydra barely misses you.
The eight-headed hydra bites you!
* * * LOW HITPOINT WARNING * * *
The eight-headed hydra bites you but does no damage.
The eight-headed hydra bites you.
* * * LOW HITPOINT WARNING * * *
Unknown command.
Unknown command.
Aim: an eight-headed hydra (heavily wounded, 88% to hit)
You hear a mighty clap of thunder!
The bolt of lightning misses the eight-headed hydra.
You hear an angry hiss.
The eight-headed hydra bites you!
* * * LOW HITPOINT WARNING * * *
The eight-headed hydra bites you!
* * * LOW HITPOINT WARNING * * *
The eight-headed hydra closely misses you.
The eight-headed hydra bites you but does no damage. x3
The eight-headed hydra bites you!
You die...

#'# #.# #.# #.##
#..# #.## ## #.#
#.######.#
###....@D..#
##..≈≈≈≈≈≈.≈##
#...≈≈≈≈≈≈≈≈.#
#.≈≈≈≈≈≈≈≈≈.#.
.#.≈≈≈≈.≈≈≈≈.....
.P≈≈≈≈.<.≈≈≈≈.#..
.P≈≈≈≈≈≈≈≈≈≈..#
..
...≈≈≈≈≈≈≈≈≈....
.
+#..≈≈≈≈≈≈≈≈.....


You could see an eight-headed hydra.

Vanquished Creatures
  Gastronok (D:9)
  Erica (D:8)
  6 two-headed ogres
  Pikel (D:5)
  An ugly thing (D:12)
  3 centaur zombies
  A gargoyle (D:12)
  Joseph (D:9)
  An efreet (D:9)
  A komodo dragon (D:11)
  3 trolls
  A hornet (D:9)
  Prince Ribbit (D:5)
  A shadow (D:11)
  A vampire (D:10)
  A wyvern (D:9)
  11 yaks
  A steam dragon (D:7)
  2 vampire mosquitoes (D:11)
  2 acid dragons (D:9)
  7 orc warriors
  A sky beast (D:5)
  2 necrophages
  A black bear (D:4)
  5 ogres
  7 centaurs
  A phantom (D:5)
  3 bullfrogs
  3 kobold brigands
  Blork the orc (D:6)
  2 gnoll sergeants
  2 scorpions
  A water moccasin zombie (Ossuary)
  10 killer bees
  6 electric eels
  6 howler monkeys
  5 hounds
  2 jellies
  A bullfrog skeleton (D:5)
  2 gnoll shamans
  6 orc priests
  Terence (D:3)
  4 iguanas
  8 orc wizards
  A killer bee zombie (D:5)
  A hound skeleton (D:5)
  3 mummies
  2 howler monkey zombies
  6 adders
  28 gnolls
  A white imp (D:7)
  4 adder zombies (Ossuary)
  3 worms
  An adder skeleton (D:4)
  3 dart slugs
  59 orcs
  9 ball pythons
  11 bats
  6 endoplasms
  5 gnoll zombies (Ossuary)
  5 hobgoblins
  16 jackals
  A quokka (D:2)
  A frilled lizard (D:3)
  4 goblins
  4 hobgoblin zombies (Ossuary)
  22 kobolds
  A kobold zombie (Ossuary)
  7 orc zombies (Ossuary)
  5 rats
  A spectral orc (D:9)
338 creatures vanquished.

Vanquished Creatures (others)
  3 bushes (D:7)
  A fungus (D:1)
  35 plants
39 creatures vanquished.

Grand Total: 377 creatures vanquished

Notes
Turn   | Place    | Note
-------+----------+-------------------------------------------
     0 | D:1      | vurker the Demigod Air Elementalist began the quest for the
                  | Orb.
     0 | D:1      | Reached XP level 1. HP: 14/14 MP: 5/5
   217 | D:1      | Reached skill level 1 in Conjurations
   515 | D:1      | Reached XP level 2. HP: 22/22 MP: 2/7
   727 | D:1      | Reached skill level 3 in Air Magic
  1599 | D:2      | You fall into a shaft and drop 1 floor!
  1644 | D:2      | Reached XP level 3. HP: 27/27 MP: 3/9
  1787 | D:2      | Reached skill level 1 in Fighting
  2076 | D:3      | Reached XP level 4. HP: 35/35 MP: 6/10
  2800 | D:3      | Noticed Terence
  2828 | D:3      | Killed Terence
  3190 | D:4      | Identified a scroll of acquirement
  3190 | D:4      | Acquired a +2 cloak of willpower
  3205 | D:4      | Found a staircase to the Ecumenical Temple.
  3214 | D:4      | Reached XP level 5. HP: 40/40 MP: 7/12
  3226 | D:4      | Noticed a necrophage
  3256 | D:4      | Killed a necrophage
  3257 | D:4      | Reached skill level 4 in Air Magic
  3262 | D:4      | Noticed a black bear
  3307 | D:4      | Killed a black bear
  3308 | D:4      | Reached XP level 6. HP: 9/48 MP: 1/14
  3584 | D:4      | Found a sand-covered staircase.
  3589 | Ossuary  | Entered an ossuary
  4620 | D:4      | Reached XP level 7. HP: 56/56 MP: 6/16
  4816 | D:4      | Reached skill level 5 in Air Magic
  4821 | D:4      | Learned a level 4 spell: Airstrike
  5346 | D:5      | Entered Level 5 of the Dungeon
  5800 | D:5      | Noticed Prince Ribbit
  5858 | D:5      | Killed Prince Ribbit
  5859 | D:5      | Reached skill level 5 in Spellcasting
  6049 | D:5      | Learned a level 5 spell: Lightning Bolt
  6051 | D:5      | Noticed a +0 short sword
  6051 | D:5      | Noticed a +0 spear
  6051 | D:5      | Noticed a +0 dagger
  6052 | D:5      | Noticed a +0 falchion
  6052 | D:5      | Noticed a +0 falchion
  6052 | D:5      | Noticed a +0 short sword
  6053 | D:5      | Noticed a +0 spear
  6054 | D:5      | Noticed a +0 dagger
  6214 | D:5      | Reached skill level 6 in Air Magic
  6280 | D:5      | Reached XP level 8. HP: 63/63 MP: 13/19
  6600 | D:5      | Found a runed translucent gate.
  6601 | D:5      | Found a runed translucent gate.
  6601 | D:5      | Noticed Megustar's ghost (novice DEFE)
  6602 | D:5      | Found a runed translucent gate.
  7775 | D:6      | Reached skill level 7 in Air Magic
  8035 | D:6      | Noticed Blork the orc
  8299 | D:6      | Killed Blork the orc
  8449 | D:6      | Reached XP level 9. HP: 72/72 MP: 10/22
  8684 | D:6      | Identified the +9 ring mail of Lethargy {Will+ Dex+4}
  8697 | D:6      | Noticed Pikel
  8712 | D:5      | Killed Pikel
  8713 | D:5      | Reached skill level 5 in Fighting
  8713 | D:5      | Reached skill level 8 in Air Magic
  9048 | D:7      | Found Aryiq's General Store.
 12397 | D:8      | Reached skill level 9 in Air Magic
 12397 | D:8      | Reached XP level 10. HP: 64/83 MP: 2/26
 12651 | D:8      | Noticed Erica
 12657 | D:8      | Killed Erica
 12851 | D:7      | Noticed a two-headed ogre
 13015 | D:8      | Killed a two-headed ogre
 13306 | D:7      | Noticed a boulder beetle
 14582 | D:8      | Reached skill level 10 in Air Magic
 15316 | D:9      | Noticed Gastronok
 15629 | D:9      | Killed Gastronok
 15792 | D:9      | Found Suxaefim's Assorted Antiques.
 16201 | D:9      | Noticed a two-headed ogre
 16204 | D:9      | Killed a two-headed ogre
 16205 | D:9      | Reached XP level 11. HP: 92/92 MP: 24/28
 16544 | D:9      | Noticed Joseph
 16549 | D:9      | Killed Joseph
 16804 | D:9      | Noticed a two-headed ogre
 16820 | D:9      | Killed a two-headed ogre
 17639 | D:10     | Entered Level 10 of the Dungeon
 17707 | D:10     | Noticed a two-headed ogre
 17711 | D:10     | Killed a two-headed ogre
 17789 | D:10     | You fall into a shaft and drop 2 floors!
 17825 | D:12     | Reached skill level 11 in Air Magic
 17996 | D:12     | Reached skill level 10 in Spellcasting
 18048 | D:12     | Noticed a skeletal warrior
 20172 | D:11     | Noticed a two-headed ogre
 20183 | D:11     | Killed a two-headed ogre
 20189 | D:11     | Noticed a two-headed ogre
 20196 | D:11     | Killed a two-headed ogre
 20232 | D:11     | Noticed a boulder beetle
 20477 | D:11     | Found a staircase to the Lair.
 20534 | Lair:1   | Entered Level 1 of the Lair of Beasts
 20547 | Lair:1   | Noticed an eight-headed hydra
 20560 | Lair:1   | Slain by an eight-headed hydra

Illustrated notes

Levels and vault maps discovered:
D:1:      lemuel_arrival_funnel, layout_loops_corners,
          dreamdust_ecumenical_altar_grove
D:2:      layout_rooms, minmay_3d_cube
D:3:      layout_basic, grunt_qazlal_sundering,
          mainiacjoe_overflow_tiny_flanked, grunt_ministairs_13, uniq_terence
D:4:      layout_loops_corners, kennysheep_mini,
          minmay_temple_entry_sparse_star, enter_ossuary_2
D:5:      lemuel_castle_with_subvaults [lemuel_castle_interior_carwin_2],
          layout_gridville, nicolae_uskayaw_en_pointe, old_standard_altar,
          biasface_ghost_orc_armoury, minmay_misc_feat_alley,
          hangedman_decor_clover_reticule, uniq_prince_ribbit1
D:6:      layout_rooms, uniq_blork_the_orc, uniq_pikel
D:7:      minmay_klotski, layout_basic, serial_shops, nicolae_shop_waterfront
D:8:      wad_lake_hut, layout_basic, mainiacjoe_overflow_brackets,
          slow_altar_2, uniq_erica
D:9:      layout_basic, yredelemnul_forgotten_temple_becter, serial_shops,
          nicolae_inconvenience_store, uniq_gastronok, uniq_joseph
D:10:     layout_basic, minmay_fountain_box, lemuel_flame_loot_1
D:11:     layout_roguey, david_lair_shrubbed, gauntlet_entry_generic,
          nicolae_water_bricks, minmay_misc_feat_columns, zin_purify
D:12:     layout_gridville, minmay_orc_entry_temple_small, serial_shops, shop,
          ebering_ghost_xom, fedhas_altar_2
Lair:1:   layout_roguey, special_room [special_room_bee], disabler_island,
          infiniplex_staircase_pool_2

Skill      XL: |  1  2  3  4  5  6  7  8  9 10 11 |
---------------+----------------------------------+-----
Conjurations   | 1 2 3 |  3.0
Spellcasting   | 2 3 4 5 6 8 9 10 | 10.7
Air Magic      | 3 4 6 7 9 10 11 | 11.9
Fighting       | 1 2 3 4 5 7 8 |  8.1
Dodging        | |  1.7
Stealth        | |  1.7

Action                   |  1- 3 |  4- 6 |  7- 9 | 10-12 || total
-------------------------+-------+-------+-------+-------++-------
Melee: Short sword       |     5 |     7 |       |       ||    12
 Cast: Shock             |    85 |   176 |   258 |     3 ||   522
       Airstrike         |       |       |   113 |   206 ||   319
       Lightning Bolt    |       |       |       |    22 ||    22
Evoke: Wand              |       |       |       |     7 ||     7
  Use: Scroll            |       |    10 |     5 |     4 ||    19
       Potion            |       |       |     2 |       ||     2
Armor: Robe              |     4 |    26 |    29 |    61 ||   120
Dodge: Dodged            |     7 |    40 |    46 |    51 ||   144

Table legend: (Time is in decaauts)
 A = Elapsed time spent in this place.
 B = Non-inter-level travel time spent in this place.
 C = Inter-level travel time spent in this place.
 D = Time resting spent in this place.
 E = Time spent auto-exploring this place.
 F = Levels seen in this place.
 G = Mean time per level.
                   A        B        C        D        E       F      G
               +--------+--------+--------+--------+--------+-----+--------+
         Total |  20694 |  20154 |    540 |   1576 |  16265 |  14 | 1478.1 |
       Dungeon |  20143 |  19603 |    540 |   1576 |  15811 |  12 | 1678.6 |
          Lair |     26 |     26 |      0 |      0 |     13 |   1 |   26.0 |
       Ossuary |    523 |    523 |      0 |      0 |    441 |   1 |  523.0 |
               +--------+--------+--------+--------+--------+-----+--------+

Top non-repeatable levels by time:
     D:8: 3714 daAuts
     D:7: 2870 daAuts
     D:5: 2337 daAuts
     D:9: 2139 daAuts
     D:4: 1865 daAuts
    D:10: 1604 daAuts
     D:3: 1143 daAuts
     D:1: 1143 daAuts
     D:6: 1135 daAuts
    D:11: 938 daAuts
     D:2: 896 daAuts
 Ossuary: 523 daAuts
    D:12: 352 daAuts
  Lair:1: 26 daAuts
